 Dungeon Crawl Stone Soup version 0.29-a0-1027-gcd8c55af63 (webtiles) character file.

Game seed: 18176637661711291412

487 Ijustatesigmund the Sneak (level 7, -1/42 (45) HPs)
             Began as an Octopode Earth Elementalist on Aug 12, 2022.
             Slain by a wight
             ... wielding a +0 war axe
              (5 damage)
             ... on level 5 of the Dungeon.
             The game lasted 00:12:46 (3645 turns).

Ijustatesigmund the Sneak (OpEE)                    Turns: 3645, Time: 00:12:48

HP:   -1/42 (45)    AC:  1    Str:  5 (7)  XL:     7   Next: 13%
MP:   13/13         EV: 17    Int: 19 (20) God:
Gold: 294           SH:  0    Dex: 11 (12) Spells: 8/14 levels left

rFire   . . .      SeeInvis +   f - +0 short sword (vorpal)
rCold   . . .      Faith    .   (no shield)
rNeg    . . .      Spirit   .   (helmet restricted)
rPois   .          Reflect  .   b - amulet of magic regeneration
rElec   .          Harm     .   d - ring of see invisible
rCorr   .          Rampage  .   k - +4 ring of evasion
Will    .....                   i - ring of wizardry
Stlth   +++.......              (no ring)
HPRegen 0.14/turn               (no ring)
MPRegen 0.53/turn               (no ring)
                                (no ring)
                                (no ring)

@: mighty, brilliant, drained
A: almost no armour, amphibious, 8 rings, camouflage 1, gelatinous body 1,
(nimble swimmer 1), tentacles
a: no special abilities


You were on level 5 of the Dungeon.
You visited 1 branch of the dungeon, and saw 5 of its levels.

You collected 294 gold pieces.

Inventory:

Hand Weapons
 f - a +0 vorpal short sword (weapon)
 l - a +3 flail
Jewellery
 b - an amulet of magic regeneration (around mantle)
 d - a ring of see invisible (left tentacle)
 i - a ring of wizardry (on tentacle)
 k - a +4 ring of evasion (right tentacle)
Scrolls
 h - 2 scrolls of identify
 m - 2 scrolls of immolation
 o - a scroll of brand weapon
 q - a scroll of enchant armour
Potions
 a - 2 potions of magic
 c - 4 potions of curing
 g - 4 potions of mutation


   Skills:
 + Level 2.0 Fighting
 - Level 2.0 Dodging
 - Level 4.3 Stealth
 + Level 4.1 Spellcasting
 * Level 4.2 Conjurations
 - Level 1.0 Transmutations
 - Level 3.7 Earth Magic


You had 8 spell levels left.
You knew the following spells:

 Your Spells              Type           Power      Damage    Failure   Level
a - Sandblast             Erth           54%        2d13      1%          1
b - Stone Arrow           Conj/Erth      56%        3d10      3%          3
c - Passwall              Tmut/Erth      15%        N/A       3%          2

Your spell library contained the following spells:

 Spells                   Type           Power      Damage    Failure   Level
 Summon Small Mammal      Summ           20%        N/A       6%          1
 Wereblood                Tmut           11%        N/A       6%          2
 Sublimation of Blood     Necr           5%         N/A       9%          2
 Call Canine Familiar     Summ           5%         N/A       16%         3
 Summon Guardian Golem    Hex/Summ       5%         N/A       16%         3
 Petrify                  Tmut/Erth      19%        N/A       21%         4
 Summon Hydra             Summ           2%         N/A       100%        7


Dungeon Overview and Level Annotations

Branches:
Dungeon (5/15)
 Temple: D:4-7

Altars:
Dithmenos
Fedhas
Nemelex Xobeh
Qazlal
Zin

Shops:
D:5 *


Innate Abilities, Weirdness & Mutations

You cannot wear most types of armour.
You are amphibious.
You can wear up to eight rings at the same time.
Your skin changes colour to match your surroundings (Stealth+).
Your rubbery body absorbs attacks. (AC +1, EV +1)
((You are camouflaged when in or above water. (Stealth+)))
You have tentacles for arms and can constrict up to eight enemies at once.


Message History

Okay, then.
The phantom attacks as you move away!
The phantom hits you but does no damage.
The wight attacks as you move away! The wight hits you with a +0 war axe!
The wight attacks as you move away! The wight hits you with a +1 dagger!
You feel drained.
The iguana hisses angrily.
The wight attacks as you move away! The wight hits you with a +0 war axe!
* * * LOW HITPOINT WARNING * * *
The phantom attacks as you move away! The phantom barely misses you.
The scorpion attacks as you move away! The scorpion stings you.
* * * LOW HITPOINT WARNING * * *
You are lethally poisoned!
The scorpion poisons you!
* * * LOW HITPOINT WARNING * * *
You feel very sick.
You feel much better.
You feel sick.
The scorpion stings you but does no damage.
The wight barely misses you.
The scorpion stings you but does no damage.
The phantom hits you.
The phantom blinks!
You blink.
You feel better. The phantom barely misses you. The wight closely misses you.
It was a potion of brilliance.
You feel clever all of a sudden. The iguana bites you!
The phantom closely misses you. The wight completely misses you.
It was a potion of degeneration.
There was something very wrong with that liquid.
You feel weakened.
You feel dopey.
You feel clumsy. The scorpion completely misses you. The iguana misses you.
The wight hits you with a +1 dagger. The wight misses you.
The phantom hits you.
The wight hits you from afar with a +4 halberd!
It was a potion of might.
You feel very mighty all of a sudden. The scorpion closely misses you.
The iguana barely misses you. The wight closely misses you.
The wight hits you with a +0 war axe!
* * * LOW HITPOINT WARNING * * *
You feel drained.
You die...

.. ...... ..#.....##
#........##### #
#............ ....
#......>...#
....##..........#
.......W........###
......z@lz........#
......zzs.......##
.................#
....<..........###
....?....[..####
........)...#..#
..##...$........##
.................###
...................#


You could see a phantom, a scorpion, an iguana and 4 wights.

Vanquished Creatures
  A black bear (D:4)
  A phantom (D:4)
  Crazy Yiuf (D:4)
  An orc priest (D:4)
  An iguana (D:4)
  2 orc wizards (D:4)
  6 adders
  4 gnolls (D:5)
  An ufetubus (D:4)
  A worm (D:4)
  2 dart slugs
  8 orcs
  3 bats
  9 endoplasms
  4 giant cockroaches
  3 goblins
  8 hobgoblins
  4 jackals (D:4)
  7 kobolds
  4 quokkas
  10 ball pythons
  2 rats (D:1)
83 creatures vanquished.

Vanquished Creatures (others)
  2 fungi (D:4)
2 creatures vanquished.

Grand Total: 85 creatures vanquished

Notes
Turn   | Place    | Note
-------+----------+-------------------------------------------
     0 | D:1      | Ijustatesigmund the Octopode Earth Elementalist began the
                  | quest for the Orb.
     0 | D:1      | Reached XP level 1. HP: 11/11 MP: 3/3
   436 | D:1      | Reached XP level 2. HP: 17/17 MP: 5/5
   540 | D:1      | Found a faded altar of an unknown god.
   606 | D:1      | Reached XP level 3. HP: 10/21 MP: 6/6
   978 | D:1      | Learned a level 3 spell: Stone Arrow
   981 | D:1      | Learned a level 2 spell: Passwall
  1372 | D:3      | Reached XP level 4. HP: 25/27 MP: 8/8
  1860 | D:3      | Found a glowing silver altar of Zin.
  2004 | D:3      | Reached skill level 1 in Conjurations
  2260 | D:4      | Reached XP level 5. HP: 27/31 MP: 9/9
  2307 | D:4      | Found a sparkling altar of Nemelex Xobeh.
  2338 | D:4      | Found a blossoming altar of Fedhas.
  2561 | D:4      | Noticed a phantom
  2568 | D:4      | Killed a phantom
  2708 | D:4      | Found a shadowy altar of Dithmenos.
  2713 | D:4      | Reached XP level 6. HP: 37/37 MP: 7/11
  2782 | D:4      | Found a stormy altar of Qazlal.
  2874 | D:4      | Noticed a black bear
  2878 | D:4      | Killed a black bear
  2879 | D:4      | Reached skill level 1 in Fighting
  3386 | D:4      | Found a runed translucent door.
  3387 | D:4      | Noticed Crazy Yiuf
  3392 | D:4      | Killed Crazy Yiuf
  3393 | D:4      | Reached XP level 7. HP: 44/44 MP: 7/13
  3437 | D:5      | Entered Level 5 of the Dungeon
  3612 | D:5      | Found Ritumub's Mayhem Merchandise.
  3645 | D:5      | Slain by a wight

Illustrated notes

Levels and vault maps discovered:
D:1:      heliophobic_arrival_enchanted_forest, layout_rooms,
          hellmonk_ecumenical_altar_run_dry
D:2:      layout_basic
D:3:      layout_basic, mainiacjoe_overflow_24_doors, minmay_tree_intersection,
          interstate_on_off
D:4:      layout_basic, nemelex_diamond_rough_becter,
          mainiacjoe_overflow_tiny_flanked, old_standard_altar,
          mainiacjoe_overflow_alcove_1, minmay_ruptured, uniq_crazy_yiuf_cottage
D:5:      layout_cave_pools, temple_green, minmay_shop_mayhem, corexii_shack,
          kennysheep_dice

Skill      XL: |  1  2  3  4  5  6  7 |
---------------+----------------------+-----
Stealth        | 3 4 |  4.3
Spellcasting   | 3 4 |  4.1
Conjurations   | 1 2 4 |  4.2
Fighting       | 1 2 |  2.0
Dodging        | |  2.0
Transmutations | |  1.0
Earth Magic    | |  3.7

Action                   |  1- 3 |  4- 6 |  7- 9 || total
-------------------------+-------+-------+-------++-------
Melee: Short sword       |    18 |    81 |     1 ||   100
       Constrict         |     7 |    18 |       ||    25
       Tentacles         |     6 |    18 |     1 ||    25
 Cast: Sandblast         |    31 |     8 |     1 ||    40
       Stone Arrow       |       |    17 |    10 ||    27
       Passwall          |       |     2 |       ||     2
  Use: Scroll            |     8 |       |       ||     8
       Potion            |       |     2 |     5 ||     7
 Stab: Sleeping          |     2 |     8 |       ||    10
       Distracted        |     1 |       |       ||     1
       Invisible         |       |     1 |       ||     1
Armor: Skin              |       |     2 |     3 ||     5
Dodge: Dodged            |    28 |    81 |    15 ||   124

Table legend: (Time is in decaauts)
 A = Elapsed time spent in this place.
 B = Non-inter-level travel time spent in this place.
 C = Inter-level travel time spent in this place.
 D = Time resting spent in this place.
 E = Time spent auto-exploring this place.
 F = Levels seen in this place.
 G = Mean time per level.
                   A        B        C        D        E       F      G
               +--------+--------+--------+--------+--------+-----+--------+
         Total |   3692 |   3620 |     72 |    774 |   2178 |   5 |  738.4 |
       Dungeon |   3692 |   3620 |     72 |    774 |   2178 |   5 |  738.4 |
               +--------+--------+--------+--------+--------+-----+--------+

Top non-repeatable levels by time:
     D:4: 1218 daAuts
     D:3: 976 daAuts
     D:2: 652 daAuts
     D:1: 636 daAuts
     D:5: 208 daAuts
